 Dungeon Sprint DCSS version 0.28.0-43-g3370ac3207 (webtiles) character file.

Game seed: 6388663262208621374

833 boopmooplesden the Carver (level 7, -19/72 HPs)
             Began as a Minotaur Fighter on Mar 31, 2022.
             Demolished by a boulder beetle (27 damage)
             ... in the Dungeon (Sprint II: "The Violet Keep of Menkaure").
             The game lasted 00:00:55 (594 turns).

boopmooplesden the Carver (Minotaur Fighter)         Turns: 594, Time: 00:00:56

Health: -19/72     AC:  8    Str: 21    XL:     7   Next: 66%
Magic:  6/6        EV: 10    Int:  5    God:
Gold:   729        SH:  6    Dex: 11    Spells: 6/6 levels left

rFire   . . .      SeeInvis .   a - +0 long sword
rCold   . . .      Faith    .   c - +0 buckler
rNeg    . . .      Spirit   .   b - +0 scale mail
rPois   .          Reflect  .   (helmet restricted)
rElec   .          Harm     .   (no cloak)
rCorr   .          Rampage  .   (no gloves)
Will    .....      NoTele   +   (no boots)
Stlth   ..........              (no amulet)
HPRegen 0.22/turn               (no ring)
MPRegen 0.10/turn               (no ring)

@: on berserk cooldown, slowed, very slow
A: horns 2, retaliatory headbutt
a: no special abilities


You were in the Dungeon.
You visited 1 branch You collected 729 gold pieces.

Inventory:

Hand Weapons
 a - a +0 long sword (weapon)
Armour
 b - a +0 scale mail (worn)
 c - a +0 buckler (worn)
Scrolls
 j - a scroll of blinking
Potions
 e - a potion of curing
 f - a potion of heal wounds
 g - a potion of haste
 h - 2 potions of magic


   Skills:
 + Level 10.2 Fighting
 + Level 10.9 Long Blades
 + Level 10.7 Armour
 + Level 2.2 Dodging
 + Level 10.5 Shields


You had 6 spell levels left.
You didn't know any spells.
Your spell library was empty.

Dungeon Overview and Level Annotations

Branches:
Dungeon (1/1)

Altars:

Annotations:
D exclusion: obsidian statue


Innate Abilities, Weirdness & Mutations

You have a pair of horns on your head.
You reflexively headbutt those who attack you in melee.


Message History

The boulder beetle is almost dead.
The boulder beetle leaps!
You hit the boulder beetle. You headbutt the boulder beetle!
The boulder beetle is lightly wounded.
You hit the boulder beetle but do no damage.
You headbutt the boulder beetle!
The boulder beetle is moderately wounded.
The boulder beetle bites you!!
* * * LOW HITPOINT WARNING * * *
You hit the boulder beetle.
The boulder beetle is moderately wounded.
You hit the boulder beetle but do no damage.
The boulder beetle is moderately wounded.
The boulder beetle bites you.
* * * LOW HITPOINT WARNING * * *
You slash the boulder beetle!
The boulder beetle is moderately wounded.
The boulder beetle leaps!
You block the boulder beetle's attack.
You hit the boulder beetle but do no damage.
The boulder beetle is moderately wounded.
You slash the boulder beetle!
The boulder beetle is heavily wounded.
The boulder beetle barely misses you.
You hit the boulder beetle.
The boulder beetle is heavily wounded.
The boulder beetle curls into a ball and begins rolling!
You hit the boulder beetle but do no damage.
You headbutt the boulder beetle, but do no damage.
The boulder beetle is heavily wounded.
The boulder beetle bites you!
* * * LOW HITPOINT WARNING * * *
You slash the boulder beetle!
The boulder beetle is severely wounded.
You are no longer berserk.
You are exhausted.
You feel yourself slow down. You block the boulder beetle's attack.
You slash the boulder beetle!
The boulder beetle is almost dead.
The boulder beetle hits you!!
You die...

#+++ ... ##+##
##.#.## #..#..#
####...# ## #
##.###÷###.# .#
#...##.##.###..#
#B@B°'##÷+..#
#..$##.##...#....#
##.###†###.##
..... ####.#.####
.... #.###.# ≈§.
##.#.## ≈. ##+## §


You could see 2 boulder beetles.

Vanquished Creatures
  2 wyverns (D)
  Menkaure (D)
  A water moccasin (D)
  4 necrophages (D)
  3 worms (D)
11 creatures vanquished.

Notes
Turn   | Place    | Note
-------+----------+-------------------------------------------
     0 | D        | boopmooplesden the Minotaur Fighter began the quest for the
                  | Orb.
     0 | D        | Reached XP level 1. HP: 19/19 MP: 0/0
    18 | D        | Reached XP level 2. HP: 23/28 MP: 1/1
    22 | D        | Noticed Menkaure
    23 | D        | Noticed a water moccasin
    26 | D        | Killed Menkaure
    27 | D        | Reached skill level 5 in Long Blades
    27 | D        | Reached XP level 3. HP: 17/37 MP: 2/2
    27 | D        | Reached XP level 4. HP: 20/44 MP: 3/3
    32 | D        | Killed a water moccasin
    33 | D        | Reached XP level 5. HP: 10/52 MP: 4/4
   267 | D        | Noticed a necrophage
   267 | D        | Noticed a necrophage
   267 | D        | Noticed a necrophage
   267 | D        | Noticed a necrophage
   273 | D        | Killed a necrophage
   274 | D        | Reached skill level 1 in Dodging
   274 | D        | Reached XP level 6. HP: 45/61 MP: 5/5
   290 | D        | Reached skill level 10 in Armour
   290 | D        | Reached XP level 7. HP: 41/70 MP: 6/6
   429 | D        | Noticed a wyvern
   429 | D        | Noticed a wyvern
   436 | D        | Killed a wyvern
   437 | D        | Reached skill level 10 in Long Blades
   437 | D        | Reached skill level 10 in Shields
   443 | D        | Killed a wyvern
   444 | D        | Reached skill level 10 in Fighting
   465 | D        | Noticed an obsidian statue
   570 | D        | Noticed a boulder beetle
   570 | D        | Noticed a boulder beetle
   594 | D        | Demolished by a boulder beetle

Illustrated notes

Levels and vault maps discovered:
D:        the_violet_keep_of_menkaure [sprint2_stairs_cluster_1,
          sprint2_shoproom, sprint2_temple, sprint2_basic_supplies,
          sprint2_obstacle_7, sprint2_obstacle_2, sprint2_obstacle_3,
          sprint2_obstacle_4, sprint2_obstacle_1, sprint2_timed_cluster_1,
          sprint2_smallroom_cluster_1, sprint2_smallroom_final_cluster_1,
          sprint2_transparent_cluster_1, sprint2_second_timed_cluster_1,
          sprint2_sniper_area_1, sprint2_heavy_combat_area_1,
          sprint2_mutation_trap_area_1, sprint2_forest_area_1,
          sprint2_light_combat_area_1, sprint2_behind_water_1,
          sprint2_near_end_vault_1]

Skill      XL: |  1  2  3  4  5  6  7 |
---------------+----------------------+-----
Fighting       | 4 6 7 8 9 10 | 10.2
Armour         | 4 6 8 10 | 10.7
Shields        | 4 6 7 8 9 10 | 10.5
Long Blades    | 3 5 6 7 9 10 | 10.9
Dodging        | 1 2 |  2.2

Action                   |  1- 3 |  4- 6 |  7- 9 || total
-------------------------+-------+-------+-------++-------
Melee: Long sword        |    15 |    27 |    35 ||    77
       Headbutt          |     3 |     7 |     9 ||    19
  Use: Potion            |     1 |       |     1 ||     2
Armor: Scale mail        |     1 |     8 |     2 ||    11
Dodge: Dodged            |     3 |     3 |     9 ||    15
Block: Buckler           |     3 |     7 |     7 ||    17
